[ AOE2 MATCH · #475154314 ]
Team RMTurks vs Mongols
[ REPLAY ANALYSIS · EXTRACTED FROM THE RECORDED GAME ]
Feudal
10:35
Castle
19:27
Imperial
33:37
| APM avg | 13.4 |
| APM peak | 47 |
| eAPM avg | 8.2 |
| Villagers / military | 101 / 168 |
Focus
⚔️ 24.9% · 🌾 75.1%
Hand Cannoneer ×87 · Spearman ×29 · Archer ×25 · Camel Scout ×16 · Battering Ram ×11
Feudal
11:01
Castle
17:49
Imperial
37:17
| APM avg | 22.1 |
| APM peak | 57 |
| eAPM avg | 9.3 |
| Villagers / military | 124 / 649 |
Focus
⚔️ 39.9% · 🌾 60.1%
Spearman ×408 · Mangudai ×232 · Trade Cart ×19 · Battering Ram ×9
Feudal
10:23
Castle
24:42
Imperial
41:26
| APM avg | 17.0 |
| APM peak | 94 |
| eAPM avg | 11.0 |
| Villagers / military | 91 / 216 |
Focus
⚔️ 38.3% · 🌾 61.7%
Conquistador ×106 · Scout Cavalry ×53 · Knight ×42 · Trade Cart ×14 · Trebuchet (Packed) ×11 · Bombard Cannon ×3
Feudal
12:54
Castle
22:39
Imperial
37:08
| APM avg | 11.5 |
| APM peak | 37 |
| eAPM avg | 8.8 |
| Villagers / military | 122 / 290 |
Focus
⚔️ 30.8% · 🌾 69.2%
Tarkan ×262 · Scout Cavalry ×28 · Trade Cart ×5
Feudal
12:50
Castle
32:24
Imperial
48:49
| APM avg | 14.0 |
| APM peak | 77 |
| eAPM avg | 6.8 |
| Villagers / military | 104 / 42 |
Focus
⚔️ 31.9% · 🌾 68.1%
Knight ×30 · Scout Cavalry ×6 · Archer ×5 · Monk ×1
Feudal
11:06
Castle
27:34
Imperial
45:29
| APM avg | 30.2 |
| APM peak | 73 |
| eAPM avg | 15.0 |
| Villagers / military | 104 / 320 |
Focus
⚔️ 51.5% · 🌾 48.5%
Mangudai ×235 · Archer ×48 · Trade Cart ×29 · Cavalry Archer ×28 · Trebuchet (Packed) ×8 · Skirmisher ×1
Match map
Initial resources + every placement click. Lines = walls · curves = elevation contours. ◆ gold · ⬟ stone · ● berries · ✦ relic · ◌ wall gap
Your base· Open — 6t gap
mmustafaozturkk34's base· Open — 6t gap
Da Big Smig's base· Open — 11t gap
Argonic's base· Open — 3t gap
30marek's base· ✓ Closed at 32:24 · 173t walls · 3 gate(s)
Flopito's base· Open — unwalled flank
Smoothed initial terrain · ◌ = detected wall gap · hover for details
Inputs per minute
— netboks - - mmustafaozturkk34
Build order — netboks
First 150 of 270 actions detected
| 0:05 | Build | House |
| 0:33 | Build | Town Center |
| 1:45 | Create | Villager (Male) |
| 1:45 | Create | Villager (Male) |
| 1:45 | Create | Villager (Male) |
| 1:56 | Create | Villager (Male) |
| 1:56 | Create | Villager (Male) |
| 2:42 | Create | Villager (Male) |
| 2:42 | Create | Villager (Male) |
| 3:09 | Create | Villager (Male) |
| 3:36 | Build | Mill |
| 3:58 | Create | Villager (Male) |
| 3:58 | Create | Villager (Male) |
| 4:40 | Create | Villager (Male) |
| 5:19 | Build | Mining Camp |
| 5:24 | Create | Villager (Male) |
| 5:35 | Create | Villager (Male) |
| 5:56 | Create | Villager (Male) |
| 6:17 | Create | Villager (Male) |
| 6:45 | Create | Villager (Male) |
| 6:46 | Create | Villager (Male) |
| 6:46 | Create | Villager (Male) |
| 7:47 | Build | Lumber Camp |
| 8:23 | Research | Feudal Age |
| 9:08 | Build | Mill |
| 9:28 | Build | Mining Camp |
| 9:41 | Build | House |
| 9:43 | Build | House |
| 9:58 | Build | House |
| 10:26 | Create | Villager (Male) |
| 10:26 | Create | Villager (Male) |
| 10:26 | Create | Villager (Male) |
| 10:35 | Age | Feudal Age |
| 10:49 | Build | Gate |
| 10:57 | Create | Villager (Male) |
| 11:14 | Build | Stone Wall |
| 12:12 | Build | Market |
| 12:52 | Build | Watch Tower |
| 13:02 | Build | House |
| 13:20 | Build | Stone Wall |
| 13:27 | Create | Villager (Male) ×5 |
| 13:28 | Create | Villager (Male) ×5 |
| 13:54 | Build | Barracks |
| 14:36 | Build | Blacksmith |
| 15:43 | Build | Farm |
| 15:45 | Build | Farm |
| 16:13 | Build | Stone Wall |
| 16:35 | Research | Castle Age |
| 16:54 | Build | Archery Range |
| 16:55 | Build | Archery Range |
| 17:40 | Build | Stone Wall |
| 17:51 | Build | Farm |
| 17:57 | Create | Archer ×5 |
| 17:57 | Create | Archer ×5 |
| 18:22 | Build | Gate |
| 19:14 | Build | Archery Range |
| 19:24 | Create | Archer ×3 |
| 19:27 | Age | Castle Age |
| 19:50 | Build | Stone Wall |
| 20:29 | Build | Town Center |
| 20:32 | Research | Wheelbarrow |
| 21:27 | Research | Crossbowman (upgrade) |
| 21:30 | Create | Archer |
| 21:30 | Create | Archer |
| 21:51 | Research | Double-Bit Axe |
| 22:38 | Build | Stone Wall |
| 23:08 | Research | Thumb Ring |
| 23:18 | Create | Villager (Male) ×5 |
| 23:18 | Create | Villager (Male) ×4 |
| 23:47 | Research | Gold Mining |
| 24:03 | Build | Stone Wall |
| 24:24 | Build | Farm |
| 24:25 | Build | Farm |
| 24:27 | Build | Farm |
| 24:29 | Build | Farm |
| 24:30 | Create | Villager (Male) |
| 24:30 | Create | Villager (Male) |
| 24:36 | Create | Villager (Male) |
| 24:37 | Create | Villager (Male) |
| 25:00 | Create | Archer ×5 |
| 25:01 | Create | Archer ×5 |
| 25:12 | Build | House |
| 25:38 | Build | Farm |
| 25:46 | Build | House |
| 25:51 | Research | Bow Saw |
| 26:04 | Build | House |
| 26:45 | Build | Castle |
| 26:50 | Build | Farm |
| 27:07 | Build | House |
| 27:13 | Build | Farm |
| 27:42 | Research | Fletching |
| 28:00 | Build | Lumber Camp |
| 28:05 | Build | House |
| 29:38 | Build | Siege Workshop |
| 29:40 | Build | Siege Workshop |
| 29:55 | Build | Town Center |
| 30:27 | Research | Imperial Age |
| 30:36 | Build | University |
| 31:05 | Build | Mill |
| 31:07 | Create | Battering Ram |
| 31:14 | Create | Battering Ram |
| 31:44 | Research | Fortified Wall (upgrade) |
| 31:49 | Build | House |
| 31:50 | Build | House |
| 31:52 | Build | House |
| 32:11 | Build | Archery Range |
| 32:41 | Create | Villager (Male) |
| 32:42 | Create | Villager (Male) |
| 32:42 | Create | Villager (Male) |
| 32:42 | Create | Villager (Male) |
| 33:28 | Create | Villager (Male) |
| 33:28 | Create | Villager (Male) |
| 33:29 | Create | Villager (Male) |
| 33:29 | Create | Villager (Male) |
| 33:37 | Age | Imperial Age |
| 33:57 | Build | Archery Range |
| 34:10 | Build | Mining Camp |
| 34:21 | Build | Lumber Camp |
| 34:49 | Build | Farm |
| 34:54 | Build | Farm |
| 35:06 | Build | Gate |
| 35:12 | Research | Horse Collar |
| 35:16 | Build | Farm |
| 35:24 | Research | Capped Ram (upgrade) |
| 35:37 | Research | Conscription |
| 35:45 | Build | House |
| 35:47 | Build | House |
| 36:08 | Create | Battering Ram ×2 |
| 36:08 | Create | Battering Ram ×2 |
| 36:23 | Build | Barracks |
| 36:27 | Create | Hand Cannoneer ×5 |
| 36:28 | Create | Hand Cannoneer ×5 |
| 36:28 | Create | Hand Cannoneer ×3 |
| 36:35 | Build | House |
| 36:39 | Build | House |
| 36:40 | Build | House |
| 36:43 | Build | House |
| 36:58 | Build | Farm |
| 36:59 | Build | Farm |
| 37:01 | Build | Farm |
| 37:02 | Build | Farm |
| 37:05 | Build | Farm |
| 37:12 | Create | Villager (Male) ×3 |
| 37:26 | Build | Stable |
| 37:52 | Create | Hand Cannoneer ×3 |
| 38:07 | Build | Mining Camp |
| 38:10 | Build | House |
| 38:11 | Build | House |
| 38:12 | Build | House |
| 38:25 | Build | Lumber Camp |
Build order — mmustafaozturkk34
First 150 of 344 actions detected
| 0:07 | Build | Town Center |
| 0:37 | Build | House |
| 0:39 | Build | House |
| 0:41 | Build | House |
| 1:26 | Create | Villager (Male) ×4 |
| 2:38 | Create | Villager (Male) |
| 2:45 | Build | Lumber Camp |
| 3:22 | Create | Villager (Male) ×3 |
| 5:00 | Create | Villager (Male) ×3 |
| 5:36 | Build | Mill |
| 6:08 | Create | Villager (Male) |
| 7:11 | Create | Villager (Male) ×5 |
| 8:32 | Build | Mining Camp |
| 8:38 | Research | Feudal Age |
| 11:01 | Age | Feudal Age |
| 11:04 | Create | Villager (Male) ×5 |
| 11:06 | Research | Double-Bit Axe |
| 11:09 | Research | Gold Mining |
| 11:10 | Research | Stone Mining |
| 11:14 | Research | Horse Collar |
| 12:36 | Build | Market |
| 12:41 | Build | Blacksmith |
| 13:00 | Create | Villager (Male) |
| 13:36 | Build | Mill |
| 13:49 | Research | Wheelbarrow |
| 14:07 | Build | House |
| 14:08 | Build | House |
| 14:10 | Build | House |
| 14:11 | Build | House |
| 14:13 | Build | House |
| 14:15 | Build | House |
| 14:16 | Build | House |
| 14:18 | Build | House |
| 15:09 | Research | Castle Age |
| 17:22 | Build | Mining Camp |
| 17:49 | Age | Castle Age |
| 17:57 | Build | Town Center |
| 18:17 | Build | Town Center |
| 18:27 | Create | Villager (Male) ×5 |
| 19:00 | Research | Bow Saw |
| 19:34 | Create | Villager (Male) ×5 |
| 19:42 | Create | Villager (Male) ×5 |
| 19:43 | Create | Villager (Male) ×2 |
| 21:20 | Create | Villager (Male) ×5 |
| 21:57 | Create | Villager (Male) |
| 22:05 | Build | Farm |
| 22:06 | Build | Farm |
| 22:07 | Build | Farm |
| 22:11 | Build | Farm |
| 22:53 | Create | Villager (Male) |
| 23:03 | Build | Farm |
| 23:05 | Build | Farm |
| 23:07 | Build | Farm |
| 23:28 | Build | Farm |
| 23:31 | Build | Farm |
| 23:33 | Build | Farm |
| 23:35 | Build | Farm |
| 23:37 | Build | Farm |
| 23:38 | Build | Farm |
| 24:07 | Build | Castle |
| 24:40 | Research | Fletching |
| 24:40 | Research | Padded Archer Armor |
| 24:46 | Create | Villager (Male) ×3 |
| 24:57 | Build | Farm |
| 24:59 | Build | Farm |
| 25:02 | Build | Farm |
| 25:03 | Build | Farm |
| 25:18 | Build | Castle |
| 25:34 | Research | Nomads |
| 25:44 | Research | Hand Cart |
| 25:53 | Create | Villager (Male) ×2 |
| 26:07 | Build | Mining Camp |
| 26:14 | Create | Villager (Male) ×3 |
| 26:42 | Create | Mangudai ×5 |
| 26:44 | Create | Mangudai ×5 |
| 27:06 | Build | Watch Tower |
| 27:07 | Build | Watch Tower |
| 27:30 | Create | Villager (Male) ×5 |
| 28:20 | Create | Villager (Male) ×5 |
| 28:31 | Create | Villager (Male) ×5 |
| 29:03 | Build | Farm |
| 29:05 | Build | Farm |
| 29:08 | Build | Farm |
| 29:20 | Build | Farm |
| 29:31 | Create | Mangudai ×5 |
| 29:36 | Research | Leather Archer Armor |
| 29:36 | Research | Bodkin Arrow |
| 29:47 | Create | Villager (Male) ×4 |
| 30:02 | Build | Farm |
| 30:03 | Build | Farm |
| 30:04 | Build | Farm |
| 30:07 | Build | Farm |
| 30:08 | Build | Farm |
| 30:41 | Build | Mining Camp |
| 30:45 | Create | Villager (Male) ×5 |
| 31:03 | Create | Villager (Male) ×5 |
| 31:32 | Build | Farm |
| 31:33 | Build | Farm |
| 31:35 | Build | Farm |
| 31:36 | Build | Farm |
| 31:40 | Build | Farm |
| 31:41 | Build | Farm |
| 31:42 | Build | Farm |
| 31:44 | Build | Farm |
| 31:47 | Build | Farm |
| 31:53 | Create | Villager (Male) ×5 |
| 32:03 | Research | Caravan |
| 32:03 | Research | Coinage |
| 32:17 | Create | Trade Cart ×5 |
| 32:19 | Create | Trade Cart ×4 |
| 32:37 | Create | Villager (Male) ×5 |
| 33:01 | Build | Castle |
| 33:08 | Build | Castle |
| 34:07 | Research | Imperial Age |
| 34:20 | Research | Scale Mail Armor |
| 34:21 | Research | Forging |
| 34:41 | Build | House |
| 34:41 | Build | House |
| 34:41 | Build | House |
| 34:42 | Build | House |
| 34:42 | Build | House |
| 34:42 | Build | House |
| 34:42 | Build | House |
| 34:43 | Build | House |
| 34:43 | Build | House |
| 34:44 | Build | House |
| 34:44 | Build | House |
| 34:45 | Build | House |
| 34:45 | Build | House |
| 34:45 | Build | House |
| 34:46 | Build | House |
| 34:47 | Build | House |
| 34:48 | Build | House |
| 34:48 | Build | House |
| 34:48 | Build | House |
| 34:48 | Build | House |
| 34:49 | Build | House |
| 34:52 | Build | House |
| 34:53 | Build | House |
| 34:54 | Build | House |
| 34:55 | Build | House |
| 35:12 | Create | Villager (Male) ×5 |
| 35:18 | Research | Gold Shaft Mining |
| 35:19 | Research | Stone Shaft Mining |
| 35:26 | Research | Heavy Plow |
| 35:52 | Research | Loom |
| 35:54 | Research | Town Watch |
| 36:18 | Build | Barracks |
| 36:19 | Build | Barracks |
| 36:21 | Build | Barracks |
Build order — Da Big Smig
First 150 of 419 actions detected
| 0:10 | Build | Town Center |
| 1:44 | Create | Villager (Male) |
| 1:44 | Create | Villager (Male) |
| 1:44 | Create | Villager (Male) |
| 1:45 | Create | Villager (Male) |
| 2:11 | Create | Villager (Male) |
| 2:29 | Create | Villager (Male) |
| 3:20 | Create | Villager (Male) |
| 3:57 | Create | Villager (Male) |
| 4:22 | Build | Lumber Camp |
| 4:35 | Create | Villager (Male) |
| 4:36 | Create | Villager (Male) |
| 4:39 | Create | Villager (Male) |
| 4:39 | Create | Villager (Male) |
| 4:40 | Create | Villager (Male) |
| 5:22 | Build | House |
| 5:27 | Build | House |
| 6:38 | Create | Villager (Male) |
| 7:18 | Build | Mill |
| 7:33 | Build | Mill |
| 7:48 | Research | Loom |
| 8:07 | Research | Feudal Age |
| 9:26 | Build | Farm |
| 9:29 | Build | Farm |
| 9:30 | Build | Farm |
| 9:50 | Build | Farm |
| 10:23 | Age | Feudal Age |
| 10:32 | Create | Villager (Male) |
| 10:33 | Create | Villager (Male) |
| 10:33 | Create | Villager (Male) |
| 10:34 | Create | Villager (Male) |
| 10:50 | Build | Farm |
| 10:58 | Build | Farm |
| 11:00 | Create | Villager (Male) |
| 11:54 | Build | House |
| 12:01 | Build | Palisade Wall |
| 12:48 | Build | Mining Camp |
| 12:51 | Create | Villager (Male) |
| 12:52 | Create | Villager (Male) |
| 12:52 | Create | Villager (Male) |
| 12:57 | Create | Villager (Male) |
| 13:05 | Build | Farm |
| 13:24 | Build | Blacksmith |
| 13:31 | Research | Double-Bit Axe |
| 13:52 | Create | Villager (Male) |
| 13:55 | Build | Farm |
| 14:13 | Create | Villager (Male) |
| 14:19 | Research | Horse Collar |
| 14:42 | Build | Mining Camp |
| 14:59 | Create | Villager (Male) |
| 15:00 | Create | Villager (Male) |
| 15:00 | Research | Wheelbarrow |
| 15:08 | Build | House |
| 15:10 | Build | House |
| 15:27 | Build | Stone Wall |
| 15:40 | Create | Villager (Male) |
| 15:41 | Create | Villager (Male) |
| 15:53 | Research | Padded Archer Armor |
| 16:06 | Build | Mill |
| 16:08 | Build | Farm |
| 16:14 | Build | Farm |
| 16:15 | Build | Farm |
| 16:16 | Build | Farm |
| 16:23 | Create | Villager (Male) |
| 16:45 | Build | Gate |
| 16:56 | Build | Gate |
| 17:19 | Build | Farm |
| 17:37 | Build | Farm |
| 17:43 | Build | Farm |
| 17:53 | Build | Barracks |
| 17:58 | Create | Villager (Male) |
| 18:20 | Build | Stone Wall |
| 18:26 | Create | Villager (Male) |
| 18:27 | Create | Villager (Male) |
| 18:38 | Build | House |
| 18:40 | Build | House |
| 18:41 | Build | House |
| 18:46 | Build | Lumber Camp |
| 19:11 | Create | Villager (Male) |
| 19:12 | Create | Villager (Male) |
| 19:36 | Build | Farm |
| 19:41 | Create | Villager (Male) |
| 19:41 | Research | Town Watch |
| 20:27 | Build | Market |
| 20:40 | Create | Villager (Male) |
| 20:41 | Create | Villager (Male) |
| 20:52 | Build | Gate |
| 21:14 | Build | Stone Wall |
| 21:27 | Build | Lumber Camp |
| 21:47 | Research | Castle Age |
| 22:21 | Build | Mining Camp |
| 22:44 | Build | Stone Wall |
| 23:04 | Research | Fletching |
| 23:04 | Research | Forging |
| 23:05 | Research | Scale Barding Armor |
| 23:05 | Research | Scale Mail Armor |
| 23:11 | Create | Villager (Male) |
| 23:11 | Create | Villager (Male) |
| 23:45 | Build | Watch Tower |
| 24:26 | Build | Stone Wall |
| 24:30 | Build | Mining Camp |
| 24:42 | Age | Castle Age |
| 24:55 | Build | Town Center |
| 25:09 | Create | Villager (Male) |
| 25:09 | Create | Villager (Male) |
| 25:10 | Research | Hand Cart |
| 25:51 | Build | Stable |
| 25:53 | Build | Stable |
| 25:55 | Build | Stable |
| 26:12 | Build | Watch Tower |
| 26:33 | Build | University |
| 26:41 | Research | Bloodlines |
| 26:43 | Research | Light Cavalry (upgrade) |
| 26:44 | Research | Husbandry |
| 27:06 | Create | Villager (Male) |
| 27:06 | Create | Villager (Male) |
| 27:06 | Create | Villager (Male) |
| 27:06 | Create | Villager (Male) |
| 27:07 | Create | Villager (Male) |
| 27:08 | Research | Town Patrol |
| 27:18 | Build | Watch Tower |
| 27:23 | Build | Stone Wall |
| 27:28 | Build | Mining Camp |
| 27:51 | Build | Stone Wall |
| 28:06 | Create | Villager (Male) |
| 28:07 | Create | Villager (Male) |
| 28:07 | Create | Villager (Male) |
| 28:07 | Create | Villager (Male) |
| 28:11 | Research | Fortified Wall (upgrade) |
| 28:12 | Research | Masonry |
| 28:35 | Create | Knight |
| 28:35 | Create | Knight |
| 28:36 | Create | Knight |
| 28:36 | Create | Knight |
| 28:36 | Create | Knight |
| 28:36 | Create | Knight |
| 28:54 | Create | Villager (Male) |
| 28:55 | Create | Villager (Male) |
| 28:55 | Create | Villager (Male) |
| 28:55 | Create | Villager (Male) |
| 29:17 | Build | Watch Tower |
| 29:35 | Build | Stone Wall |
| 29:42 | Create | Villager (Male) |
| 29:43 | Create | Villager (Male) |
| 29:46 | Create | Villager (Male) |
| 29:47 | Create | Villager (Male) |
| 30:09 | Research | Ballistics |
| 30:11 | Research | Guard Tower (upgrade) |
| 30:25 | Create | Villager (Male) |
| 30:25 | Create | Villager (Male) |
Build order — Argonic
First 150 of 305 actions detected
| 0:19 | Build | Town Center |
| 1:19 | Create | Villager (Male) ×4 |
| 1:58 | Research | Loom |
| 2:01 | Create | Villager (Male) |
| 3:08 | Create | Villager (Male) |
| 3:08 | Create | Villager (Male) |
| 3:59 | Create | Villager (Male) |
| 3:59 | Create | Villager (Male) |
| 4:50 | Create | Villager (Male) |
| 4:51 | Create | Villager (Male) |
| 5:52 | Create | Villager (Male) ×5 |
| 6:57 | Build | Mill |
| 8:49 | Create | Villager (Male) |
| 8:53 | Create | Villager (Male) |
| 9:10 | Build | Lumber Camp |
| 9:18 | Create | Villager (Male) |
| 9:19 | Create | Villager (Male) |
| 9:51 | Build | Palisade Wall |
| 9:57 | Build | Palisade Wall |
| 10:01 | Build | Palisade Wall |
| 10:11 | Build | Palisade Wall |
| 10:20 | Build | Palisade Wall |
| 10:24 | Build | Palisade Wall |
| 10:44 | Research | Feudal Age |
| 10:45 | Create | Villager (Male) |
| 10:46 | Create | Villager (Male) |
| 10:47 | Create | Villager (Male) |
| 10:47 | Create | Villager (Male) |
| 10:51 | Create | Villager (Male) |
| 11:01 | Build | Mill |
| 12:30 | Create | Villager (Male) ×5 |
| 12:54 | Age | Feudal Age |
| 13:05 | Research | Double-Bit Axe |
| 13:31 | Build | Mining Camp |
| 13:45 | Build | Palisade Wall |
| 14:00 | Build | Palisade Wall |
| 14:05 | Build | Palisade Wall |
| 14:51 | Create | Villager (Male) ×5 |
| 14:57 | Research | Wheelbarrow |
| 14:58 | Research | Town Watch |
| 15:01 | Research | Gold Mining |
| 15:15 | Build | Mill |
| 16:20 | Build | Palisade Wall |
| 16:51 | Research | Horse Collar |
| 18:00 | Create | Villager (Male) ×5 |
| 18:08 | Build | Farm |
| 18:09 | Build | Farm |
| 18:09 | Build | Farm |
| 18:09 | Build | Farm |
| 18:09 | Build | Farm |
| 18:10 | Build | Farm |
| 18:10 | Build | Farm |
| 18:10 | Build | Farm |
| 18:16 | Build | Farm |
| 18:19 | Build | Farm |
| 18:33 | Build | Market |
| 18:38 | Build | Blacksmith |
| 18:41 | Build | Blacksmith |
| 18:55 | Build | Mill |
| 19:27 | Build | Palisade Gate |
| 19:31 | Build | Palisade Gate |
| 19:54 | Research | Castle Age |
| 20:08 | Build | Mining Camp |
| 20:27 | Create | Villager (Male) ×5 |
| 20:36 | Research | Scale Barding Armor |
| 21:20 | Research | Stone Mining |
| 22:05 | Research | Forging |
| 22:07 | Research | Scale Mail Armor |
| 22:10 | Create | Villager (Male) ×5 |
| 22:39 | Age | Castle Age |
| 22:44 | Build | Town Center |
| 22:57 | Build | Town Center |
| 23:16 | Build | Mill |
| 23:54 | Create | Villager (Male) ×5 |
| 24:12 | Research | Hand Cart |
| 24:38 | Build | Palisade Gate |
| 24:59 | Build | Market |
| 25:14 | Create | Villager (Male) ×5 |
| 25:16 | Create | Villager (Male) ×5 |
| 25:33 | Create | Villager (Male) |
| 25:34 | Create | Villager (Male) |
| 25:34 | Create | Villager (Male) |
| 25:45 | Build | Mining Camp |
| 26:00 | Create | Villager (Male) ×3 |
| 26:36 | Research | Gold Shaft Mining |
| 26:40 | Research | Bow Saw |
| 26:54 | Build | Mill |
| 27:21 | Research | Heavy Plow |
| 27:39 | Create | Villager (Male) |
| 27:39 | Create | Villager (Male) |
| 27:40 | Create | Villager (Male) |
| 27:40 | Create | Villager (Male) |
| 27:42 | Create | Villager (Male) |
| 27:42 | Create | Villager (Male) |
| 28:28 | Create | Villager (Male) ×5 |
| 28:30 | Create | Villager (Male) |
| 28:31 | Create | Villager (Male) |
| 28:31 | Create | Villager (Male) |
| 28:48 | Create | Trade Cart ×5 |
| 29:15 | Build | Palisade Gate |
| 29:21 | Create | Villager (Male) ×5 |
| 29:30 | Create | Villager (Male) ×5 |
| 29:49 | Build | Castle |
| 30:21 | Create | Villager (Male) ×5 |
| 30:23 | Create | Villager (Male) |
| 30:25 | Create | Villager (Male) |
| 30:36 | Build | Castle |
| 30:41 | Build | Castle |
| 30:47 | Build | Castle |
| 30:54 | Create | Villager (Male) ×5 |
| 30:56 | Create | Villager (Male) ×5 |
| 31:18 | Build | Farm |
| 31:18 | Build | Farm |
| 31:18 | Build | Farm |
| 31:19 | Build | Farm |
| 31:19 | Build | Farm |
| 31:19 | Build | Farm |
| 31:20 | Build | Farm |
| 31:21 | Build | Farm |
| 31:26 | Build | Farm |
| 31:27 | Build | Farm |
| 31:39 | Build | Farm |
| 31:40 | Build | Farm |
| 31:40 | Build | Farm |
| 31:41 | Build | Farm |
| 31:44 | Build | Farm |
| 31:45 | Build | Farm |
| 31:52 | Create | Villager (Male) |
| 31:52 | Create | Villager (Male) |
| 31:57 | Create | Villager (Male) |
| 31:59 | Create | Villager (Male) |
| 31:59 | Create | Villager (Male) |
| 32:01 | Create | Villager (Male) |
| 32:06 | Research | Marauders |
| 32:40 | Build | Farm |
| 32:48 | Build | Farm |
| 33:14 | Build | Mining Camp |
| 33:59 | Research | Imperial Age |
| 34:02 | Create | Villager (Male) ×4 |
| 34:17 | Research | Iron Casting |
| 34:39 | Build | Barracks |
| 34:40 | Build | Barracks |
| 34:55 | Build | Farm |
| 34:55 | Build | Farm |
| 34:56 | Build | Farm |
| 34:56 | Build | Farm |
| 34:56 | Build | Farm |
| 34:56 | Build | Farm |
| 34:57 | Build | Farm |
| 35:00 | Build | Farm |
Build order — 30marek
First 150 of 277 actions detected
| 0:10 | Build | Town Center |
| 0:16 | Build | House |
| 0:17 | Build | House |
| 0:34 | Build | House |
| 1:37 | Create | Villager (Male) |
| 1:38 | Create | Villager (Male) |
| 1:38 | Create | Villager (Male) |
| 1:38 | Create | Villager (Male) |
| 1:38 | Create | Villager (Male) |
| 1:38 | Create | Villager (Male) |
| 1:45 | Build | House |
| 3:22 | Create | Villager (Male) |
| 3:23 | Create | Villager (Male) |
| 3:23 | Create | Villager (Male) |
| 3:23 | Create | Villager (Male) |
| 4:02 | Create | Villager (Male) |
| 4:02 | Create | Villager (Male) |
| 4:03 | Create | Villager (Male) |
| 4:34 | Create | Villager (Male) |
| 4:35 | Create | Villager (Male) |
| 4:35 | Create | Villager (Male) |
| 4:54 | Create | Villager (Male) |
| 4:54 | Create | Villager (Male) |
| 5:24 | Create | Villager (Male) |
| 5:54 | Create | Villager (Male) |
| 5:55 | Create | Villager (Male) |
| 6:29 | Create | Villager (Male) |
| 6:29 | Create | Villager (Male) |
| 6:29 | Create | Villager (Male) |
| 6:29 | Create | Villager (Male) |
| 7:08 | Create | Villager (Male) |
| 7:08 | Create | Villager (Male) |
| 7:08 | Create | Villager (Male) |
| 7:08 | Create | Villager (Male) |
| 9:46 | Build | Lumber Camp |
| 9:57 | Build | Mill |
| 10:40 | Research | Feudal Age |
| 11:40 | Build | Mining Camp |
| 12:50 | Age | Feudal Age |
| 12:53 | Research | Wheelbarrow |
| 12:56 | Research | Horse Collar |
| 12:59 | Research | Double-Bit Axe |
| 13:03 | Research | Stone Mining |
| 13:45 | Build | Stone Wall |
| 13:50 | Build | Stone Wall |
| 14:01 | Build | Farm |
| 14:02 | Build | Farm |
| 14:02 | Build | Farm |
| 14:33 | Build | Barracks |
| 14:42 | Build | Farm |
| 14:46 | Build | Farm |
| 14:50 | Build | Farm |
| 14:56 | Create | Villager (Male) |
| 14:57 | Create | Villager (Male) |
| 14:57 | Create | Villager (Male) |
| 14:57 | Create | Villager (Male) |
| 15:39 | Build | Gate |
| 15:47 | Build | Gate |
| 15:54 | Build | Archery Range |
| 15:58 | Build | Stable |
| 16:01 | Build | Blacksmith |
| 16:07 | Build | Farm |
| 16:10 | Create | Villager (Male) |
| 16:11 | Create | Villager (Male) |
| 16:28 | Build | Stone Wall |
| 16:56 | Build | Farm |
| 16:58 | Create | Villager (Male) |
| 16:58 | Create | Villager (Male) |
| 17:14 | Build | Farm |
| 17:30 | Build | Watch Tower |
| 18:09 | Create | Villager (Male) |
| 18:09 | Create | Villager (Male) |
| 18:09 | Create | Villager (Male) |
| 18:10 | Create | Villager (Male) |
| 18:10 | Create | Villager (Male) |
| 18:17 | Create | Archer |
| 18:17 | Create | Archer |
| 18:17 | Create | Archer |
| 18:17 | Create | Archer |
| 18:18 | Create | Archer |
| 18:52 | Research | Forging |
| 19:37 | Create | Scout Cavalry |
| 19:37 | Create | Scout Cavalry |
| 19:37 | Create | Scout Cavalry |
| 19:37 | Create | Scout Cavalry |
| 19:38 | Create | Scout Cavalry |
| 19:45 | Create | Scout Cavalry |
| 21:18 | Build | Stone Wall |
| 21:28 | Build | Stone Wall |
| 22:05 | Create | Villager (Male) |
| 22:05 | Create | Villager (Male) |
| 22:05 | Create | Villager (Male) |
| 22:05 | Create | Villager (Male) |
| 22:05 | Create | Villager (Male) |
| 23:07 | Build | Stone Wall |
| 23:19 | Research | Gold Mining |
| 23:22 | Create | Villager (Male) |
| 23:22 | Create | Villager (Male) |
| 23:22 | Create | Villager (Male) |
| 23:29 | Build | Gate |
| 23:38 | Build | Stone Wall |
| 23:47 | Build | Farm |
| 23:51 | Build | Farm |
| 23:57 | Build | House |
| 23:57 | Build | House |
| 23:58 | Build | House |
| 23:59 | Build | House |
| 24:03 | Create | Villager (Male) |
| 24:04 | Create | Villager (Male) |
| 24:04 | Create | Villager (Male) |
| 24:04 | Create | Villager (Male) |
| 24:24 | Build | Farm |
| 24:59 | Create | Villager (Male) |
| 24:59 | Create | Villager (Male) |
| 24:59 | Create | Villager (Male) |
| 25:00 | Create | Villager (Male) |
| 25:00 | Create | Villager (Male) |
| 25:00 | Create | Villager (Male) |
| 25:07 | Build | Mining Camp |
| 25:35 | Create | Villager (Male) |
| 25:35 | Create | Villager (Male) |
| 25:35 | Create | Villager (Male) |
| 25:35 | Create | Villager (Male) |
| 25:43 | Build | Farm |
| 25:51 | Build | Farm |
| 25:57 | Build | Farm |
| 26:16 | Build | Stone Wall |
| 26:22 | Build | Farm |
| 26:45 | Build | Farm |
| 27:14 | Build | Watch Tower |
| 28:01 | Research | Scale Mail Armor |
| 28:02 | Research | Padded Archer Armor |
| 28:02 | Research | Fletching |
| 28:03 | Research | Scale Barding Armor |
| 28:28 | Build | Watch Tower |
| 29:14 | Build | Watch Tower |
| 29:44 | Research | Castle Age |
| 30:18 | Build | Watch Tower |
| 32:24 | Age | Castle Age |
| 32:27 | Build | University |
| 32:30 | Build | Monastery |
| 32:36 | Research | Bow Saw |
| 32:45 | Build | Town Center |
| 32:52 | Research | Husbandry |
| 32:52 | Create | Knight |
| 32:53 | Create | Knight |
| 32:53 | Create | Knight |
| 32:53 | Create | Knight |
| 32:53 | Create | Knight |
| 32:54 | Create | Knight |
Build order — Flopito
First 150 of 568 actions detected
| 0:23 | Build | Town Center |
| 1:45 | Create | Villager (Male) |
| 1:45 | Create | Villager (Male) |
| 1:45 | Create | Villager (Male) |
| 1:46 | Create | Villager (Male) |
| 1:46 | Create | Villager (Male) |
| 4:02 | Create | Villager (Male) |
| 4:02 | Create | Villager (Male) |
| 4:02 | Create | Villager (Male) |
| 4:25 | Build | Mill |
| 4:35 | Build | House |
| 4:36 | Build | House |
| 4:38 | Build | House |
| 5:10 | Build | Lumber Camp |
| 5:23 | Create | Villager (Male) |
| 5:23 | Create | Villager (Male) |
| 5:23 | Create | Villager (Male) |
| 5:23 | Create | Villager (Male) |
| 7:16 | Create | Villager (Male) |
| 7:16 | Create | Villager (Male) |
| 7:17 | Create | Villager (Male) |
| 7:17 | Create | Villager (Male) |
| 7:58 | Build | Barracks |
| 8:30 | Research | Feudal Age |
| 9:50 | Research | Loom |
| 10:53 | Create | Villager (Male) |
| 10:53 | Create | Villager (Male) |
| 10:53 | Create | Villager (Male) |
| 10:53 | Create | Villager (Male) |
| 11:06 | Age | Feudal Age |
| 11:17 | Build | Archery Range |
| 11:19 | Build | Archery Range |
| 12:22 | Build | House |
| 12:24 | Build | House |
| 12:25 | Build | House |
| 12:30 | Create | Archer |
| 12:31 | Create | Archer |
| 12:31 | Create | Archer |
| 12:31 | Create | Archer |
| 12:31 | Create | Archer |
| 12:43 | Create | Villager (Male) |
| 12:44 | Create | Villager (Male) |
| 12:44 | Create | Villager (Male) |
| 13:13 | Create | Archer |
| 13:14 | Create | Archer |
| 13:14 | Create | Archer |
| 13:14 | Create | Archer |
| 13:14 | Create | Archer |
| 13:15 | Create | Archer |
| 13:29 | Build | Palisade Wall |
| 14:14 | Build | Blacksmith |
| 14:28 | Create | Villager (Male) |
| 14:28 | Create | Villager (Male) |
| 14:28 | Create | Villager (Male) |
| 14:29 | Create | Villager (Male) |
| 14:46 | Research | Double-Bit Axe |
| 14:58 | Build | Palisade Wall |
| 15:09 | Create | Archer |
| 15:09 | Create | Archer |
| 15:10 | Create | Archer |
| 15:10 | Create | Archer |
| 15:10 | Create | Archer |
| 15:10 | Create | Archer |
| 16:07 | Build | Farm |
| 16:08 | Build | Farm |
| 16:46 | Build | House |
| 17:11 | Research | Fletching |
| 19:29 | Create | Archer |
| 19:29 | Create | Archer |
| 19:29 | Create | Archer |
| 19:30 | Create | Archer |
| 19:30 | Create | Archer |
| 19:30 | Create | Archer |
| 19:30 | Create | Archer |
| 19:30 | Create | Archer |
| 19:31 | Create | Archer |
| 19:31 | Create | Archer |
| 19:36 | Build | Farm |
| 19:36 | Build | Farm |
| 19:36 | Build | Farm |
| 19:36 | Build | Farm |
| 19:37 | Build | Farm |
| 19:37 | Build | Farm |
| 19:37 | Build | Farm |
| 19:38 | Build | Farm |
| 19:39 | Build | Farm |
| 19:39 | Build | Farm |
| 19:40 | Build | Farm |
| 19:40 | Build | Farm |
| 21:08 | Create | Skirmisher |
| 21:09 | Create | Archer |
| 21:09 | Create | Archer |
| 21:09 | Create | Archer |
| 21:10 | Create | Archer |
| 21:10 | Create | Archer |
| 21:10 | Create | Archer |
| 21:10 | Create | Archer |
| 21:11 | Create | Archer |
| 21:11 | Create | Archer |
| 21:11 | Create | Archer |
| 21:20 | Research | Horse Collar |
| 21:31 | Create | Villager (Male) |
| 21:32 | Create | Villager (Male) |
| 21:32 | Create | Villager (Male) |
| 21:32 | Create | Villager (Male) |
| 21:33 | Create | Villager (Male) |
| 21:33 | Create | Villager (Male) |
| 22:42 | Create | Archer |
| 22:42 | Create | Archer |
| 22:43 | Create | Archer |
| 22:43 | Create | Archer |
| 22:44 | Create | Archer |
| 22:44 | Create | Archer |
| 22:56 | Build | Farm |
| 23:25 | Build | Mining Camp |
| 23:58 | Build | Market |
| 24:30 | Build | House |
| 24:31 | Build | House |
| 24:32 | Build | House |
| 24:34 | Build | House |
| 24:54 | Research | Castle Age |
| 25:03 | Research | Gold Mining |
| 25:48 | Create | Archer |
| 25:48 | Create | Archer |
| 25:48 | Create | Archer |
| 25:49 | Create | Archer |
| 25:49 | Create | Archer |
| 27:34 | Age | Castle Age |
| 27:51 | Build | Town Center |
| 27:55 | Create | Villager (Male) |
| 27:55 | Create | Villager (Male) |
| 27:55 | Create | Villager (Male) |
| 27:56 | Create | Villager (Male) |
| 27:56 | Create | Villager (Male) |
| 27:56 | Create | Villager (Male) |
| 27:56 | Create | Villager (Male) |
| 27:57 | Create | Villager (Male) |
| 28:21 | Create | Cavalry Archer |
| 28:22 | Create | Cavalry Archer |
| 28:22 | Create | Cavalry Archer |
| 28:22 | Create | Cavalry Archer |
| 28:23 | Create | Cavalry Archer |
| 28:23 | Create | Cavalry Archer |
| 28:23 | Create | Cavalry Archer |
| 28:23 | Create | Cavalry Archer |
| 28:24 | Create | Cavalry Archer |
| 29:09 | Research | Scale Barding Armor |
| 29:10 | Research | Bodkin Arrow |
| 29:34 | Research | Bow Saw |
| 29:38 | Create | Villager (Male) |
Match timeline
| 7:58 | Flopito · first_building Barracks |
| 9:51 | Argonic · wall_segment Palisade Wall x12 |
| 9:57 | Argonic · wall_segment Palisade Wall x3 |
| 10:01 | Argonic · wall_segment Palisade Wall x11 |
| 10:11 | Argonic · wall_segment Palisade Wall x6 |
| 10:20 | Argonic · wall_segment Palisade Wall x8 |
| 10:23 | Da Big Smig · age_up feudal |
| 10:24 | Argonic · wall_segment Palisade Wall x8 |
| 10:35 | netboks · age_up feudal |
| 11:01 | mmustafaozturkk34 · age_up feudal |
| 11:06 | Flopito · age_up feudal |
| 11:14 | netboks · wall_segment Stone Wall x1 |
| 11:17 | Flopito · first_building Archery Range |
| 12:01 | Da Big Smig · wall_segment Palisade Wall x1 |
| 12:50 | 30marek · age_up feudal |
| 12:54 | Argonic · age_up feudal |
| 13:20 | netboks · wall_segment Stone Wall x5 |
| 13:29 | Flopito · wall_segment Palisade Wall x1 |
| 13:34 | netboks · first_market_buy 500 food |
| 13:45 | 30marek · wall_segment Stone Wall x37 |
| 13:45 | Argonic · wall_segment Palisade Wall x9 |
| 13:50 | 30marek · wall_segment Stone Wall x16 |
| 13:54 | netboks · first_building Barracks |
| 14:00 | Argonic · wall_segment Palisade Wall x7 |
| 14:05 | Argonic · wall_segment Palisade Wall x7 |
| 14:33 | 30marek · first_building Barracks |
| 14:58 | Flopito · wall_segment Palisade Wall x17 |
| 15:27 | Da Big Smig · wall_segment Stone Wall x40 |
| 15:54 | 30marek · first_building Archery Range |
| 15:58 | 30marek · first_building Stable |
| 16:13 | netboks · wall_segment Stone Wall x11 |
| 16:20 | Argonic · wall_segment Palisade Wall x22 |
| 16:28 | 30marek · wall_segment Stone Wall x33 |
| 16:54 | netboks · first_building Archery Range |
| 17:40 | netboks · wall_segment Stone Wall x5 |
| 17:49 | mmustafaozturkk34 · age_up castle |
| 17:53 | Da Big Smig · first_building Barracks |
| 18:20 | Da Big Smig · wall_segment Stone Wall x21 |
| 19:27 | netboks · age_up castle |
| 19:49 | Argonic · first_market_buy 100 food |
| 19:50 | netboks · wall_segment Stone Wall x4 |
| 21:14 | Da Big Smig · wall_segment Stone Wall x9 |
| 21:18 | 30marek · wall_segment Stone Wall x8 |
| 21:28 | 30marek · wall_segment Stone Wall x42 |
| 22:38 | netboks · wall_segment Stone Wall x10 |
| 22:39 | Argonic · age_up castle |
| 22:44 | Da Big Smig · wall_segment Stone Wall x10 |
| 23:07 | 30marek · wall_segment Stone Wall x28 |
| 23:38 | 30marek · wall_segment Stone Wall x14 |
| 24:03 | netboks · wall_segment Stone Wall x4 |
| 24:07 | mmustafaozturkk34 · first_building Castle |
| 24:26 | Da Big Smig · wall_segment Stone Wall x4 |
| 24:42 | Da Big Smig · age_up castle |
| 25:51 | Da Big Smig · first_building Stable |
| 26:16 | 30marek · wall_segment Stone Wall x1 |
| 26:45 | netboks · first_building Castle |
| 27:23 | Da Big Smig · wall_segment Stone Wall x6 |
| 27:34 | Flopito · age_up castle |
| 27:51 | Da Big Smig · wall_segment Stone Wall x3 |
| 29:35 | Da Big Smig · wall_segment Stone Wall x5 |
| 29:38 | netboks · first_building Siege Workshop |
| 29:49 | Argonic · first_building Castle |
| 32:24 | 30marek · age_up castle |
| 32:30 | 30marek · first_building Monastery |
| 32:44 | Da Big Smig · first_building Castle |
| 33:37 | netboks · age_up imperial |
| 34:39 | Argonic · first_building Barracks |
| 35:39 | Argonic · first_building Stable |
| 36:07 | Da Big Smig · wall_segment Stone Wall x16 |
| 36:18 | mmustafaozturkk34 · first_building Barracks |
| 36:54 | Flopito · first_building Castle |
| 37:08 | Argonic · age_up imperial |
| 37:17 | mmustafaozturkk34 · age_up imperial |
| 37:26 | netboks · first_building Stable |
| 39:31 | Da Big Smig · wall_segment Stone Wall x24 |
| 41:26 | Da Big Smig · age_up imperial |
| 41:40 | Argonic · wall_segment Stone Wall x19 |
| 41:53 | Argonic · wall_segment Stone Wall x8 |
| 42:01 | Argonic · wall_segment Stone Wall x18 |
| 42:11 | Argonic · wall_segment Stone Wall x36 |
| 42:15 | Flopito · first_market_buy 100 food |
| 42:26 | mmustafaozturkk34 · first_building Siege Workshop |
| 42:37 | netboks · wall_segment Stone Wall x11 |
| 43:30 | Da Big Smig · first_building Monastery |
| 44:34 | Da Big Smig · wall_segment Stone Wall x4 |
| 45:29 | Flopito · age_up imperial |
| 46:26 | Da Big Smig · first_market_sell 100 wood |
| 46:33 | Da Big Smig · first_market_buy 100 stone |
| 47:13 | 30marek · first_building Castle |
| 48:27 | Argonic · wall_segment Stone Wall x15 |
| 48:49 | 30marek · age_up imperial |
| 50:45 | Argonic · first_market_sell 500 food |
| 53:11 | netboks · resign |
| 61:41 | mmustafaozturkk34 · wall_segment Palisade Wall x10 |
| 61:43 | mmustafaozturkk34 · wall_segment Palisade Wall x17 |
| 62:43 | mmustafaozturkk34 · wall_segment Palisade Wall x22 |
| 65:25 | Da Big Smig · first_building Siege Workshop |
| 66:40 | mmustafaozturkk34 · wall_segment Palisade Wall x19 |
[ AI ANALYSIS · 1 CREDIT ]
What really happened in this match?
Wolo.gg analyzes every decision: build order, eco, micro, common mistakes by bracket. Personalized analysis on WhatsApp or Discord in 30 seconds.
Civ guide
Turks
Map guide
Steppe
Perfil
netboks